 Dungeon Crawl Stone Soup version 0.23.0-38-g208d714 (webtiles) character file.

Game seed: 2995260514437692515

85 Razor the Chopper (level 4, 0/35 HPs)
             Began as a Demonspawn Abyssal Knight on Feb 27, 2019.
             Was a Follower of Lugonu.
             Succumbed to an adder's poison
             ... on level 2 of the Dungeon.
             The game lasted 00:03:07 (2202 turns).

Razor the Chopper (Demonspawn Abyssal Knight)       Turns: 2202, Time: 00:03:08

Health: 0/35       AC:  3    Str: 13    XL:     4   Next: 25%
Magic:  5/5        EV: 16    Int: 13    God:    Lugonu [*.....]
Gold:   77         SH:  0    Dex: 18    Spells: 3/3 levels left

rFire    . . .     SeeInvis +   a - +1 hand axe
rCold    . . .     Gourm    .   (no shield)
rNeg     . . .     Faith    .   b - +0 leather armour
rPois    .         Spirit   .   (helmet restricted)
rElec    .         Reflect  .   (no cloak)
rCorr    .         Harm     .   (no gloves)
MR       .....                  (no boots)
Stlth    ++........             (no amulet)
HPRegen  0.11/turn              f - ring of see invisible
MPRegen  0.09/turn              (no ring)

@: agile, lethally poisoned (0 -> -7)
A: horns 2
a: Depart the Abyss, Renounce Religion


You were on level 2 of the Dungeon.
You worshipped Lugonu.
Lugonu was aware of your devotion.
You were not hungry.

You visited 1 branch of the dungeon, and saw 2 of its levels.
You visited the Abyss 1 time.

You collected 77 gold pieces.

Inventory:

Hand Weapons
 a - a +1 hand axe (weapon)
 d - a cursed -2 mace
Armour
 b - a +0 leather armour (worn)
Jewellery
 f - a ring of see invisible (left hand)
 k - an uncursed amulet of harm {unknown}
Scrolls
 e - a scroll of amnesia {unknown}
 g - a scroll of noise {unknown}
 j - a scroll of enchant armour {unknown}
 l - a scroll of immolation {unknown}
Comestibles
 c - 3 rations
 i - 7 chunks of flesh


   Skills:
 - Level 3.0 Fighting
 + Level 4.1 Axes
 - Level 1.7 Armour
 - Level 0.8 Dodging
 - Level 2.4 Invocations


You had 3 spell levels left.
You didn't know any spells.
Your spell library was empty.

Dungeon Overview and Level Annotations

Branches:
Dungeon (2/15)

Altars:
Nemelex Xobeh


Innate Abilities, Weirdness & Mutations

You have a pair of horns on your head.


Message History

You feel sick.
* * * LOW HITPOINT WARNING * * *
You feel sick.
* * * LOW HITPOINT WARNING * * *
You feel sick.
You see here 15 stones.
It was a potion of agility.
You feel agile all of a sudden.
* * * LOW HITPOINT WARNING * * *
You feel sick.
There is a lethal amount of poison in your body!
* * * LOW HITPOINT WARNING * * *
You feel sick.
* * * LOW HITPOINT WARNING * * *
You feel sick.
* * * LOW HITPOINT WARNING * * *
You feel sick.
You open the door.
Found a sparkling altar of Nemelex Xobeh.
You die...

##.#..###.#
####....##...#
....>.....#....#
.##.........#..####
#.#####..###....# #
##...รท#####...#
#...)###.#+#..#
#.....###._.###.#
#...... #@#..#
##..... ##..##
##..... ##...#
##...# #....#
##.###...##.# #.
#### #(# #.# #.#
#.#


There were no monsters in sight!

Vanquished Creatures
  2 adders (D:2)
  A gnoll (D:1)
  A worm (D:2)
  A dart slug (D:2)
  4 leopard geckos
  7 bats
  3 giant cockroaches
  7 hobgoblins
  6 jackals
  A quokka (D:2)
  A ball python (D:2)
  3 goblins
  4 kobolds (D:2)
  5 rats (D:1)
46 creatures vanquished.

Notes
Turn   | Place    | Note
-------+----------+-------------------------------------------
     0 | Abyss:1  | Razor the Demonspawn Abyssal Knight began the quest for the
                  | Orb.
     0 | Abyss:1  | Reached XP level 1. HP: 18/18 MP: 2/2
    60 | Abyss:2  | Found a corrupted altar of Lugonu.
    99 | Abyss:2  | Noticed a smoke demon
   101 | D:1      | Escaped the Abyss
   244 | D:1      | Reached skill level 2 in Axes
   452 | D:1      | Reached * piety under Lugonu
   475 | D:1      | Gained mutation: You have a pair of small horns on your
                  | head. [demonic ancestry]
   475 | D:1      | Reached XP level 2. HP: 7/24 MP: 3/3
  1024 | D:1      | Reached skill level 3 in Axes
  1247 | D:1      | Reached XP level 3. HP: 20/29 MP: 4/4
  2104 | D:2      | Gained mutation: You have a pair of horns on your head.
                  | [demonic ancestry]
  2104 | D:2      | Reached XP level 4. HP: 32/35 MP: 5/5
  2110 | D:2      | Reached skill level 4 in Axes
  2200 | D:2      | HP: 1/35 [poisoned by an adder]
  2201 | D:2      | Found a sparkling altar of Nemelex Xobeh.
  2202 | D:2      | Succumbed to an adder's poison

Skill      XL: |  1  2  3  4 |
---------------+-------------+-----
Axes           | 2 3 4 |  4.1
Fighting       | |  3.0
Armour         | |  1.7
Dodging        | |  0.8
Invocations    | |  2.4

Action                   |  1- 3 |  4- 6 || total
-------------------------+-------+-------++-------
Melee: Hand axe          |   114 |    33 ||   147
       Headbutt          |    15 |     6 ||    21
Invok: Depart the Abyss  |     1 |       ||     1
  Use: Potion            |       |     1 ||     1
 Stab: Sleeping          |     1 |       ||     1
  Eat: Chunk             |     4 |       ||     4
Armor: Leather armour    |    36 |    15 ||    51
Dodge: Dodged            |    99 |    31 ||   130
